 Dungeon Crawl Stone Soup version 0.27.0-1-g7a089689b8 (webtiles) character file.

Game seed: 1113253614727850432

513 ZombieSheep the Summoner (level 7, -4/56 HPs)
             Began as a Gnoll Wanderer on Aug 6, 2021.
             Was a Believer of Makhleb.
             Killed by divine providence
             ... invoked by an orc priest
              (11 damage)
             ... on level 5 of the Dungeon.
             The game lasted 00:09:29 (5319 turns).

ZombieSheep the Summoner (Gnoll Wanderer)           Turns: 5319, Time: 00:09:30

Health: -4/56      AC: 11    Str: 12    XL:     7   Next: 19%
Magic:  2/10       EV: 15    Int: 12    God:    Makhleb [**....]
Gold:   209        SH:  0    Dex: 12    Spells: 8/10 levels left

rFire    + . .     SeeInvis .   a - +3 whip (freeze)
rCold    . . .     Faith    .   (no shield)
rNeg     . . .     Spirit   .   o - +2 ring mail {rF+}
rPois    .         Reflect  .   (no helmet)
rElec    .         Harm     .   (no cloak)
rCorr    .         Rampage  .   (no gloves)
Will     .....                  (no boots)
Stlth    ++........             (no amulet)
HPRegen  0.18/turn              i - +4 ring of evasion
MPRegen  0.12/turn              r - +4 ring of protection

@: no status effects
A: fangs 1, strong nose, distributed training
a: Renounce Religion, Minor Destruction


You were on level 5 of the Dungeon.
You worshipped Makhleb.
Makhleb was pleased with you.
You visited 1 branch of the dungeon, and saw 5 of its levels.

You collected 209 gold pieces.

Inventory:

Hand Weapons
 a - a +3 whip of freezing (weapon)
 c - a +1 short sword of venom
 d - a +0 dagger
 k - a +0 spear
Armour
 m - a +1 scale mail of cold resistance
 n - a +0 ring mail
 o - a +2 ring mail of fire resistance (worn)
Jewellery
 i - a +4 ring of evasion (left hand)
 r - a +4 ring of protection (right hand)
Scrolls
 p - a scroll of enchant weapon
 q - a scroll of amnesia
Potions
 b - a potion of lignification
 e - 4 potions of attraction {unknown}
 f - a potion of heal wounds {unknown}
 g - a potion of berserk rage
 h - 4 potions of curing
 j - 2 potions of haste {unknown}
 l - a potion of flight {unknown}


   Skills:
 + Level 5.1 Fighting
 + Level 2.3 Short Blades
 + Level 2.3 Long Blades
 + Level 2.3 Axes
 + Level 2.3 Maces & Flails
 + Level 2.3 Polearms
 + Level 2.3 Staves
 + Level 2.3 Slings
 + Level 2.3 Bows
 + Level 2.3 Crossbows
 + Level 2.3 Throwing
 + Level 2.3 Armour
 + Level 2.3 Dodging
 + Level 4.8 Stealth
 + Level 2.3 Shields
 + Level 2.3 Unarmed Combat
 + Level 2.3 Spellcasting
 + Level 1.9 Conjurations
 + Level 1.9 Hexes
 + Level 9.0 Summonings
 + Level 1.9 Necromancy
 + Level 1.9 Translocations
 + Level 1.9 Transmutations
 + Level 1.9 Fire Magic
 + Level 1.9 Ice Magic
 + Level 1.9 Air Magic
 + Level 1.9 Earth Magic
 + Level 1.9 Poison Magic
 + Level 2.5 Invocations
 + Level 3.5 Evocations


You had 8 spell levels left.
You knew the following spells:

 Your Spells              Type           Power      Damage    Failure   Level
b - Call Imp              Summ           23%        N/A       2%          2

Your spell library contained the following spells:

 Spells                   Type           Power      Damage    Failure   Level
 Magic Dart               Conj           24%        1d4       26%         1
 Blink                    Tloc           N/A        N/A       36%         2
 Searing Ray              Conj           12%        3d3       36%         2
 Slow                     Hex            6%         N/A       36%         2
 Conjure Flame            Conj/Fire      6%         6-21      61%         3
 Mephitic Cloud           Conj/Pois/Air  6%         N/A       61%         3
 Fulminant Prism          Conj/Hex       3%         3d6       95%         4


Dungeon Overview and Level Annotations

Branches:
Dungeon (5/15)
 Temple: D:4-7

Altars:
Ashenzari
Elyvilon
Makhleb
Nemelex Xobeh
Ru
Vehumet
Wu Jian

Annotations:
D:5 Ijyb


Innate Abilities, Weirdness & Mutations

You have very sharp teeth.
Your uncanny sense of smell can sniff out nearby items.
Your experience applies equally to all skills.


Message History

Your crimson imp hits the orc warrior but does no damage.
The orc barely misses your crimson imp.
The orc priest mumbles some strange prayers to Beogh against you.
Beogh smites you!
* * * LOW HITPOINT WARNING * * *
You swap places.
Your crimson imp barely misses the orc.
The orc warrior hits your white imp with a +1 long sword of flaming.
The orc warrior burns your white imp.
The orc hits your crimson imp with a +0 flail.
Your crimson imp hits the orc warrior but does no damage.
Your white imp hits the orc warrior but does no damage.
The orc closely misses your crimson imp.
Your magical contamination has completely faded away.
You feel better.
Your crimson imp hits the orc but does no damage.
The orc warrior hits your white imp with a +1 long sword of flaming.
The orc warrior burns your white imp.
Your white imp dies!
The orc hits your crimson imp with a +0 flail!
Your crimson imp dies!
Your crimson imp hits the orc warrior but does no damage.
The orc priest miscasts a cantrip.
The water moccasin skeleton misses you.
The orc warrior misses your crimson imp.
Your crimson imp closely misses the orc.
The water moccasin skeleton bites you.
* * * LOW HITPOINT WARNING * * *
The orc hits your crimson imp with a +0 club.
The orc hits your crimson imp with a +0 flail.
The water moccasin skeleton completely misses you.
Your crimson imp barely misses the orc.
The orc hits your crimson imp with a +0 club.
The orc hits your crimson imp but does no damage.
Your crimson imp closely misses the orc.
The orc barely misses your crimson imp. The orc misses your crimson imp.
Your crimson imp hits the orc but does no damage.
The orc barely misses your crimson imp.
The orc priest mumbles some strange prayers to Beogh against you.
Beogh smites you!
You die...

.....#..# ∆#....o..#
######5o# #.o# .# #..##
... #..o#
....#######.#.#
....<........#Z###
...........###.@.#
..........######..#
.)...................
..........#######......
#...........# #.....
#.........#..# .....
.......)).##[# ####
.###..).).# .#
#......##.##


You could see an orc warrior, an orc priest, 2 orcs, a water moccasin skeleton
and a friendly crimson imp (summoned).

Vanquished Creatures
  An ice beast (D:5)
  A water moccasin skeleton (D:4)
  An iguana (D:4)
  A hound zombie (D:5)
  2 gnolls (D:5)
  4 adders
  2 ufetubi (D:4)
  2 orcs
  7 ball pythons
  8 endoplasms
  5 giant cockroaches
  8 goblins
  5 hobgoblins
  7 jackals
  3 quokkas
  3 bats
  3 frilled lizards
  6 kobolds
  6 rats
75 creatures vanquished.

Vanquished Creatures (collateral kills)
  A black bear (D:4)
  A necrophage (D:4)
  An ogre (D:4)
  Terence (D:3)
  Natasha (D:3)
  2 gnolls (D:5)
  A worm (D:3)
  An orc (D:5)
  2 endoplasms
  A quokka (D:2)
  A ball python (D:2)
  A kobold (D:2)
14 creatures vanquished.

Vanquished Creatures (others)
  7 plants (D:2)
7 creatures vanquished.

Grand Total: 96 creatures vanquished

Notes
Turn   | Place    | Note
-------+----------+-------------------------------------------
     0 | D:1      | ZombieSheep the Gnoll Wanderer began the quest for the Orb.
     0 | D:1      | ZombieSheep set off with the following items: a +0 spear, a
                  | potion of lignification, a +0 robe, a +0 dagger; and the
                  | following spell memorised: Magic Dart; and the following
                  | spells available to memorise: Call Imp, Blink, Slow,
                  | Conjure Flame, Mephitic Cloud
     0 | D:1      | Reached XP level 1. HP: 20/20 MP: 1/1
   138 | D:1      | Reached XP level 2. HP: 4/26 MP: 2/2
  1606 | D:2      | Reached XP level 3. HP: 17/31 MP: 2/4
  1815 | D:2      | Noticed a great orb of eyes
  1821 | D:2      | Found a faded altar of an unknown god.
  1822 | D:2      | Noticed an eye of devastation
  1822 | D:2      | Noticed a floating eye
  1822 | D:2      | Noticed a golden eye
  1826 | D:2      | Reached skill level 1 in Invocations
  1830 | D:2      | Became a worshipper of Makhleb the Destroyer
  1830 | D:2      | Reached * piety under Makhleb
  1834 | D:2      | Learned a level 2 spell: Call Imp
  2214 | D:2      | You fall into a shaft and drop 1 floor!
  2361 | D:3      | Reached skill level 1 in Short Blades
  2361 | D:3      | Reached skill level 1 in Long Blades
  2361 | D:3      | Reached skill level 1 in Axes
  2361 | D:3      | Reached skill level 1 in Maces & Flails
  2361 | D:3      | Reached skill level 1 in Polearms
  2361 | D:3      | Reached skill level 1 in Staves
  2361 | D:3      | Reached skill level 1 in Slings
  2361 | D:3      | Reached skill level 1 in Bows
  2361 | D:3      | Reached skill level 1 in Crossbows
  2361 | D:3      | Reached skill level 1 in Throwing
  2361 | D:3      | Reached skill level 1 in Armour
  2361 | D:3      | Reached skill level 1 in Dodging
  2361 | D:3      | Reached skill level 1 in Shields
  2361 | D:3      | Reached skill level 1 in Unarmed Combat
  2361 | D:3      | Reached skill level 1 in Spellcasting
  2446 | D:2      | Reached XP level 4. HP: 19/38 MP: 0/5
  2929 | D:3      | Found a white marble altar of Elyvilon.
  2929 | D:3      | Found a broken altar of Ashenzari.
  2983 | D:3      | Noticed Terence
  2985 | D:3      | Reached ** piety under Makhleb
  3005 | D:3      | Killed Terence
  3276 | D:3      | Reached skill level 1 in Conjurations
  3276 | D:3      | Reached skill level 1 in Hexes
  3276 | D:3      | Reached skill level 1 in Necromancy
  3276 | D:3      | Reached skill level 1 in Translocations
  3276 | D:3      | Reached skill level 1 in Transmutations
  3276 | D:3      | Reached skill level 1 in Fire Magic
  3276 | D:3      | Reached skill level 1 in Ice Magic
  3276 | D:3      | Reached skill level 1 in Air Magic
  3276 | D:3      | Reached skill level 1 in Earth Magic
  3276 | D:3      | Reached skill level 1 in Poison Magic
  3526 | D:3      | Noticed Natasha
  3539 | D:3      | Killed Natasha
  3540 | D:3      | Reached XP level 5. HP: 19/43 MP: 3/6
  3904 | D:4      | Found a sacrificial altar of Ru.
  3917 | D:4      | Found a sparkling altar of Nemelex Xobeh.
  3918 | D:4      | Found a radiant altar of Vehumet.
  3924 | D:4      | Found an ornate altar of the Wu Jian Council.
  4457 | D:4      | Noticed an ogre
  4468 | D:4      | Killed an ogre
  4469 | D:4      | Reached XP level 6. HP: 50/50 MP: 3/8
  4525 | D:4      | Noticed a necrophage
  4535 | D:4      | Killed a necrophage
  4536 | D:4      | Reached skill level 5 in Fighting
  4582 | D:4      | Noticed a black bear
  4592 | D:4      | Killed a black bear
  5032 | D:5      | Entered Level 5 of the Dungeon
  5032 | D:5      | Noticed a komodo dragon
  5099 | D:5      | Noticed an ice beast
  5112 | D:5      | Killed an ice beast
  5113 | D:5      | Reached skill level 9 in Summonings
  5113 | D:5      | Reached XP level 7. HP: 56/56 MP: 4/10
  5298 | D:5      | Noticed Ijyb
  5319 | D:5      | Killed from afar by an orc priest

Illustrated notes

Levels and vault maps discovered:
D:1:      dpeg_arrival_tiny_i, layout_loops_ring
D:2:      cheibrodos_helix_gallery, layout_basic, serial_bayou,
          serial_bayou_shore_b, serial_bayou_shore_b, serial_bayou_crossing,
          serial_bayou_pond_e, hellmonk_ecumenical_altar_watching_god
D:3:      layout_loops_ring, chequers_temple_overflow_statue_of_worship,
          uniq_natasha, uniq_terence
D:4:      layout_cave_pods, minitemple
D:5:      layout_rooms, grunt_gozag_statues, uniq_ijyb

Skill      XL: |  1  2  3  4  5  6 |
---------------+-------------------+-----
Invocations    | 1 2 |  2.5
Short Blades   | 1 2 |  2.3
Long Blades    | 1 2 |  2.3
Axes           | 1 2 |  2.3
Maces & Flails | 1 2 |  2.3
Polearms       | 1 2 |  2.3
Staves         | 1 2 |  2.3
Slings         | 1 2 |  2.3
Bows           | 1 2 |  2.3
Crossbows      | 1 2 |  2.3
Throwing       | 1 2 |  2.3
Armour         | 1 2 |  2.3
Dodging        | 1 2 |  2.3
Shields        | 1 2 |  2.3
Unarmed Combat | 1 2 |  2.3
Spellcasting   | 1 2 |  2.3
Conjurations   | 1 |  1.9
Hexes          | 1 |  1.9
Necromancy     | 1 |  1.9
Translocations | 1 |  1.9
Transmutations | 1 |  1.9
Fire Magic     | 1 |  1.9
Ice Magic      | 1 |  1.9
Air Magic      | 1 |  1.9
Earth Magic    | 1 |  1.9
Poison Magic   | 1 |  1.9
Evocations     | 3 |  3.5
Fighting       | 5 |  5.1
Summonings     | 9 |  9.0
Stealth        | |  4.8

Action                   |  1- 3 |  4- 6 |  7- 9 || total
-------------------------+-------+-------+-------++-------
Melee: Spear             |   188 |    31 |       ||   219
       Bite              |    14 |     4 |     1 ||    19
       Whip              |       |   102 |    24 ||   126
       Punch             |       |     1 |       ||     1
 Cast: Call Imp          |     3 |    16 |     5 ||    24
  Use: Scroll            |     3 |     7 |       ||    10
       Potion            |       |       |     1 ||     1
 Stab: Sleeping          |     7 |     4 |       ||    11
       Distracted        |       |     1 |     1 ||     2
Armor: Robe              |    15 |       |       ||    15
       Scale mail        |    19 |    17 |       ||    36
       Ring mail         |       |    19 |     4 ||    23
Dodge: Dodged            |   124 |    70 |    28 ||   222
